 Dungeon Crawl Stone Soup version 0.18.1-50-g88ac8fd (webtiles) character file.

4123 manyhoops the Basher (level 10, 0/118 HPs)
             Began as an Ogre Gladiator on Oct 27, 2016.
             Was a Priest of Okawaru.
             Slain by a killer bee (5 damage)
             ... on level 8 of the Dungeon.
             The game lasted 00:14:25 (7870 turns).

manyhoops the Basher (Ogre Gladiator)               Turns: 7870, Time: 00:14:26

Health: 0/118      AC:  4    Str: 25    XL:     10   Next: 27%
Magic:  10/10      EV: 10    Int:  7    God:    Okawaru [***...]
Gold:   647        SH:  0    Dex: 10    Spells: 0 memorised, 9 levels left

rFire  . . .     SeeInvis .     d - +0 giant spiked club
rCold  . . .     Gourm    .     b - +0 robe
rNeg   . . .     Faith    .     (shield currently unavailable)
rPois  .         Spirit   .     c - +0 hat
rElec  .         Dismiss  .     H - +0 cloak
rCorr  .         Reflect  .     (gloves unavailable)
SustAt .         Harm     .     (boots unavailable)
MR     +....                    k - amulet of regeneration
Stlth  ++........               (no ring)
                                Q - ring of stealth

@: lethally poisoned (0 -> -5), somewhat resistant to hostile enchantments,
unstealthy
A: unfitting armour, tough skin 1
a: Heroism, Renounce Religion


You were on level 8 of the Dungeon.
You worshipped Okawaru.
Okawaru was most pleased with you.
You were not hungry.

You visited 1 branch of the dungeon, and saw 9 of its levels.
You also visited: Ossuary.

You collected 647 gold pieces.

Inventory:

Hand Weapons
 a - a +1 flail
 d - a +0 giant spiked club (weapon)
 v - a +0 hunting sling
Missiles
 r - 288 stones
 M - 2 poisoned tomahawks (quivered)
Armour
 b - a +0 robe (worn)
 c - a +0 hat (worn)
 H - a +0 cloak (worn)
Jewellery
 k - an amulet of regeneration (around neck)
 Q - a ring of stealth (left hand)
Wands
 g - a wand of lightning (6/15)
 s - a wand of flame (28/48)
 F - a wand of paralysis (8/24)
Scrolls
 e - a scroll of random uselessness
 i - 8 scrolls of remove curse
 x - a scroll of teleportation
 y - a scroll of enchant weapon
 D - 2 scrolls of amnesia {unknown}
 G - a scroll of immolation {unknown}
 J - a scroll of acquirement {unknown}
 L - a scroll of fear {unknown}
 O - a scroll of enchant armour {unknown}
Potions
 h - a potion of berserk rage
 j - 3 potions of mutation
 l - a potion of might {unknown}
 m - a potion of lignification {unknown}
 o - 3 potions of magic
 q - a potion of flight
 u - a potion of invisibility
 w - a potion of brilliance {unknown}
 z - 2 potions of haste
 A - 2 potions of cure mutation
 B - a potion of degeneration
 I - a potion of beneficial mutation {unknown}
 K - a potion of ambrosia
 N - a potion of agility {unknown}
Books
 t - a book of Summonings

   Spells                             Type                      Level
   a - Recall                         Summoning/Translocation      3
   b - Aura of Abjuration             Summoning                    5
   c - Summon Demon                   Summoning                    5
   d - Summon Forest                  Summoning/Translocation      5
   e - Summon Mana Viper              Hexes/Summoning              5
   f - Shadow Creatures               Summoning                    6
Miscellaneous
 p - an ornate deck of changes
Comestibles
 f - 5 bread rations
 C - a beef jerky
 E - a slice of pizza
 P - a chunk of flesh


   Skills:
 + Level 12.8 Fighting
 + Level 13.2 Maces & Flails
 + Level 3.9 Throwing
 - Level 2.6 Dodging


You had 9 spell levels left.
You didn't know any spells.

Dungeon Overview and Level Annotations

Branches:
Dungeon (9/15)             Temple (0/1) D:7
   Lair: D:8-11         Orc: D:9-12

Altars:
Gozag
Kikubaaqudgha
Makhleb
Okawaru
Ru
Vehumet
Yredelemnul

Shops:
D:7 :

Annotations:
D:7 Joseph


Innate Abilities, Weirdness & Mutations

You are too large for most types of armour.
You have tough skin (AC +1).


Message History

* * * LOW HITPOINT WARNING * * *
The killer bee stings you but does no damage.
You closely miss the killer bee.
You feel very sick. The killer bee barely misses you.
The killer bee closely misses you. x2
You miss the killer bee.
You feel sick. The killer bee stings you.
* * * LOW HITPOINT WARNING * * *
The killer bee stings you.
* * * LOW HITPOINT WARNING * * *
You miss the killer bee.
You feel sick.
The killer bee stings you but does no damage.
The killer bee stings you.
* * * LOW HITPOINT WARNING * * *
You are more poisoned.
The killer bee poisons you!
You miss the killer bee.
You feel sick. The killer bee stings you.
* * * LOW HITPOINT WARNING * * *
The killer bee stings you but does no damage.
The killer bee stings you.
You die...

###########################
..........................#
†......#################.##
######.# #.# #.# #.#
##'############# #.#
#.........)....# #.#
#####...........@..# #.#
#..............y...# #.#
...................# #.#
...................# #.#
...................# #.#
...................## #.#
.#'##...............## #.#
.#.##......#######...# #.#
.#......#.#..≈≈≈..#..# #.#


You could see a killer bee.

Vanquished Creatures
  Pikel (D:7)
  Prince Ribbit (D:7)
  A hippogriff (D:6)
  Menkaure (D:7)
  2 ice beasts
  2 orc warriors (D:6)
  A sky beast (D:6)
  A black bear (D:7)
  2 slaves (D:7)
  2 ogres (D:7)
  3 centaurs
  A crocodile (D:9)
  2 giant frogs
  A big kobold (D:3)
  An elf zombie (Ossuary)
  A wyvern zombie (D:9)
  3 killer bees (D:9)
  A howler monkey (D:4)
  3 crimson imps
  2 giant frog zombies
  A centaur zombie (D:7)
  A quasit (D:9)
  2 human zombies (Ossuary)
  2 orc priests
  4 hounds
  A jelly (D:7)
  Crazy Yiuf (D:6)
  2 centaur skeletons
  2 iguanas
  Ijyb (D:3)
  Natasha (thrice) (D:3)
  6 orc wizards
  9 worker ants
  3 big kobold zombies (Ossuary)
  2 hound zombies (Ossuary)
  3 mummies (Ossuary)
  14 gnolls
  12 adders
  4 shadow imps
  An ooze (D:1)
  2 adder zombies
  An adder skeleton (D:5)
  4 worms
  A dart slug (D:1)
  2 giant geckos
  28 orcs
  5 bats
  9 giant cockroaches
  A gnoll zombie (Ossuary)
  8 goblins
  8 hobgoblins
  6 jackals
  4 quokkas
  A giant cockroach zombie (D:6)
  A giant gecko zombie (D:8)
  6 giant newts
  3 goblin zombies (Ossuary)
  4 hobgoblin zombies (Ossuary)
  A jackal zombie (Ossuary)
  6 kobolds
  11 kobold zombies (Ossuary)
  An orc zombie (Ossuary)
  3 quokka zombies (Ossuary)
  11 rats
  3 rat zombies (Ossuary)
236 creatures vanquished.

Vanquished Creatures (others)
  2 slaves (D:7)
  2 orcs (D:7)
4 creatures vanquished.

Grand Total: 240 creatures vanquished

Notes
Turn   | Place    | Note
--------------------------------------------------------------
     0 | D:1      | manyhoops the Ogre Gladiator began the quest for the Orb.
     0 | D:1      | Reached XP level 1. HP: 22/22 MP: 1/1
   158 | D:1      | Reached XP level 2. HP: 29/29 MP: 2/2
   261 | D:1      | Reached XP level 3. HP: 17/37 MP: 3/3
   853 | D:2      | Reached skill level 5 in Maces & Flails
  1053 | D:2      | Reached XP level 4. HP: 45/48 MP: 4/4
  1528 | D:3      | Noticed a big kobold
  1536 | D:3      | Killed a big kobold
  1536 | D:3      | Reached skill level 6 in Maces & Flails
  1536 | D:3      | Reached XP level 5. HP: 55/55 MP: 5/5
  1564 | D:3      | Noticed Natasha
  1577 | D:3      | Killed Natasha
  1667 | D:3      | Reached skill level 5 in Fighting
  1932 | D:3      | Noticed Natasha
  1941 | D:3      | Killed Natasha
  1941 | D:3      | Reached XP level 6. HP: 51/66 MP: 6/6
  2198 | D:3      | Noticed Ijyb
  2200 | D:3      | Noticed Natasha
  2206 | D:3      | Killed Ijyb
  2209 | D:3      | Reached skill level 7 in Maces & Flails
  2212 | D:3      | Killed Natasha
  2581 | D:4      | Found a sand-covered staircase.
  2601 | Ossuary  | Entered an ossuary
  2738 | Ossuary  | Reached XP level 7. HP: 65/75 MP: 7/7
  2860 | Ossuary  | Reached skill level 8 in Maces & Flails
  3239 | D:4      | Found an iron altar of Okawaru.
  3324 | D:4      | Became a worshipper of Warmaster Okawaru
  3470 | D:5      | Entered Level 5 of the Dungeon
  4547 | D:5      | Reached skill level 9 in Maces & Flails
  4547 | D:5      | Reached XP level 8. HP: 83/88 MP: 8/8
  5053 | D:6      | Reached skill level 10 in Maces & Flails
  5100 | D:6      | Noticed Crazy Yiuf
  5106 | D:6      | Killed Crazy Yiuf
  5204 | D:6      | Reached * piety under Okawaru
  5547 | D:7      | Reached skill level 10 in Fighting
  5549 | D:7      | Found Yluifoh's Book Boutique.
  5562 | D:7      | Noticed Joseph
  5582 | D:7      | Reached XP level 9. HP: 101/101 MP: 9/9
  5704 | D:7      | Noticed Pikel
  5733 | D:7      | Killed Pikel
  5733 | D:7      | Reached ** piety under Okawaru
  5733 | D:7      | Reached skill level 11 in Maces & Flails
  5773 | D:7      | Noticed Menkaure
  5900 | D:7      | Found a staircase to the Ecumenical Temple.
  5958 | D:7      | Killed Menkaure
  6010 | D:7      | Reached skill level 12 in Maces & Flails
  6046 | D:7      | Noticed Prince Ribbit
  6138 | D:7      | Reached *** piety under Okawaru
  6165 | D:7      | Killed Prince Ribbit
  6419 | D:8      | Found a sacrificial altar of Ru.
  6711 | D:8      | Reached XP level 10. HP: 115/115 MP: 10/10
  7035 | D:8      | Found an opulent altar of Gozag.
  7163 | D:8      | HP: 1/117 [orc priest/divine providence (12)]
  7480 | D:9      | Reached skill level 13 in Maces & Flails
  7733 | D:9      | Found a burning altar of Makhleb.
  7734 | D:9      | Found a basalt altar of Yredelemnul.
  7828 | D:9      | HP: 2/118 [poisoned by a killer bee]
  7840 | D:9      | Found a radiant altar of Vehumet.
  7840 | D:9      | Found an ancient bone altar of Kikubaaqudgha.
  7870 | D:8      | HP: 5/118 [killer bee (6)]
  7870 | D:8      | Slain by a killer bee

Skill      XL: |  1  2  3  4  5  6  7  8  9 10 |
---------------+-------------------------------+-----
Fighting       | 3 4 5 6 8 10 12 | 12.8
Maces & Flails | 5 6 7 9 10 12 13 | 13.2
Throwing       | 3 |  3.9
Dodging        | |  2.6

Action                   |  1- 3 |  4- 6 |  7- 9 | 10-12 || total
-------------------------+-------+-------+-------+-------++-------
Melee: Flail             |    83 |   220 |   297 |       ||   600
       Giant spiked club |       |       |    88 |   112 ||   200
Throw: Throwing net      |     1 |     2 |     7 |       ||    10
       Tomahawk          |       |       |     4 |     2 ||     6
       Stone             |       |       |     6 |       ||     6
  Use: Scroll            |       |     2 |    11 |     4 ||    17
       Potion            |       |     1 |     2 |     6 ||     9
  Eat: Chunk             |       |     5 |     6 |       ||    11
       Bread ration      |       |       |     1 |       ||     1
       Pizza             |       |       |     1 |       ||     1
       Meat ration       |       |       |     1 |     1 ||     2
Armor: Robe              |    30 |    53 |    73 |    39 ||   195
Dodge: Dodged            |    54 |   120 |   216 |    84 ||   474
